 Dungeon Crawl Stone Soup version 0.21.1-1-g345015f (console) character file.

10551 Homage the Sharpshooter (level 11, -2/82 HPs)
             Began as a Minotaur Hunter on Apr 17, 2018.
             Was a High Priest of Okawaru.
             Slain by a merfolk
             ... wielding a +0 trident
              (15 damage)
             ... on level 2 of the Lair of Beasts.
             The game lasted 00:37:59 (12245 turns).

Homage the Sharpshooter (Minotaur Hunter)          Turns: 12245, Time: 00:37:59

Health: -2/82      AC: 23    Str: 17    XL:     11   Next: 37%
Magic:  8/10       EV: 17    Int:  8    God:    Okawaru [*****.]
Gold:   419        SH:  0    Dex: 12    Spells: 10/10 levels left

rFire    . . .     SeeInvis .   b - +1 whip (elec)
rCold    + . .     Gourm    .   (no shield)
rNeg     . . .     Faith    .   r - +1 plate armour
rPois    .         Spirit   .   (helmet restricted)
rElec    .         Reflect  .   t - +0 cloak
rCorr    .         Harm     .   k - +1 pair of gloves
MR       +....                  j - +0 pair of boots
Stlth    ..........             y - amulet of magic regeneration
HPRegen  0.23/turn              o - +6 ring of evasion
MPRegen  0.37/turn              B - ring of protection from cold

@: heroism, mesmerised
A: retaliatory headbutt, horns 2, talons 1, clumsy 1, magic resistance 1, sense
surroundings 1
a: Heroism, Finesse, Renounce Religion


You were on level 2 of the Lair of Beasts.
You worshipped Okawaru.
Okawaru was extremely pleased with you.
You were not hungry.

You visited 3 branches of the dungeon, and saw 13 of its levels.

You collected 523 gold pieces.
You spent 104 gold pieces at shops.


Innate Abilities, Weirdness & Mutations

You reflexively headbutt those who attack you in melee.
You have a pair of horns on your head.
You have sharp toenails.
You are clumsy. (Dex -2)
You are resistant to hostile enchantments. (MR+)
You passively map a small area around you.


   Skills:
 - Level 3.4(8.4) Fighting
 - Level 4.1(9.1) Staves
 - Level 15.2(20.2) Crossbows
 - Level 9.0(14.0) Armour
 + Level 8.3(13.3) Dodging
 - Level 0.7(5.7) Stealth


You had 10 spell levels left.
You didn't know any spells.

Inventory:

Hand Weapons
 a - a +1 hand crossbow
 b - a +1 whip of electrocution (weapon)
Missiles
 d - 42 bolts
 w - 2 throwing nets (quivered)
Armour
 j - a +0 pair of boots (worn)
 k - a +1 pair of gloves (worn)
 r - a +1 plate armour (worn)
 t - a +0 cloak (worn)
Magical Staves
 h - an uncursed staff of conjuration {!a}
Jewellery
 o - a +6 ring of evasion (left hand)
 y - an amulet of magic regeneration (around neck)
 B - a ring of protection from cold (right hand)
Wands
 q - a wand of disintegration (12)
 x - a wand of flame (46)
 A - a wand of acid (9)
Scrolls
 c - a scroll of magic mapping
 g - 5 scrolls of remove curse
 i - 2 scrolls of fog
 m - 4 scrolls of fear
 n - 9 scrolls of teleportation
 p - a scroll of immolation
 u - a scroll of blinking
 z - 5 scrolls of identify
Potions
 e - a potion of cancellation
 l - a potion of haste
 C - a potion of berserk rage {!q}
 E - 2 potions of lignification {!q}
Comestibles
 f - 23 rations
 s - a chunk of flesh


Message History

The merfolk barely misses you.
Your plate armour prevents you from hitting the merfolk siren.
The merfolk siren is moderately wounded.
The merfolk siren chants its luring song.
You closely miss the merfolk siren. Your headbutt misses the merfolk siren.
The merfolk siren is moderately wounded.
The merfolk hits you from afar with a trident!
The merfolk siren chants its luring song.
Your plate armour prevents you from hitting the merfolk siren.
The merfolk siren is moderately wounded.
The merfolk misses you.
The merfolk siren chants its luring song. x2
You hit the merfolk siren but do no damage.
The merfolk siren is lightly wounded.
The merfolk hits you from afar with a trident!
* * * LOW HITPOINT WARNING * * *
The merfolk siren chants its luring song.
You gain the combat prowess of a mighty hero.
The merfolk hits you from afar with a trident!
You die...

, ......#.....#.....
#......#....+......
...........#..... ,
* #...###...P####.#.
,
*.#..P#....P#####.#
,
...................
.................<.
*
..............(....
,....(.....@....(((.
,
.........m.........
*
.........mm........
, ,
.###.(.#(....####P.
, #.#.#......#* ..
....(#....## , ,
###(##(....* ,, ~
.(. #....#! , , ~
~~. ,...... , , , ,


You could see a merfolk and 2 merfolk sirens.

Vanquished Creatures
  2 two-headed ogres
  2 spiny frogs
  The ghost of MaidMarian the Covert, a novice SpEn (D:7)
  A komodo dragon (Lair:1)
  A merfolk (Lair:2)
  A hornet (D:7)
  A meliai zombie (D:6)
  4 blink frogs (Lair:1)
  5 hippogriffs
  Sigmund (D:4)
  8 yaks
  A floating eye (D:9)
  2 water moccasins (Lair:1)
  3 orc warriors
  3 porcupines
  3 sky beasts
  4 phantoms
  5 ogres
  A necrophage (D:9)
  A centaur (D:7)
  Blork the orc (D:4)
  2 big kobolds
  6 bullfrogs
  2 gnoll sergeants
  2 scorpions (D:7)
  A killer bee (D:9)
  3 howler monkeys (D:9)
  3 wights (D:7)
  A crimson imp (D:6)
  A jelly (D:8)
  2 quasits
  7 hounds
  9 orc wizards
  2 bullfrog skeletons (D:9)
  5 orc priests
  2 centaur skeletons
  9 worker ants
  A hound skeleton (D:5)
  11 adders
  14 gnolls
  A howler monkey skeleton (D:8)
  A shadow imp (D:5)
  3 oozes
  2 adder skeletons
  A worm (D:3)
  3 dart slugs
  3 leopard geckos
  28 orcs
  2 ball pythons
  2 giant cockroaches (D:3)
  13 hobgoblins
  10 jackals
  20 kobolds
  5 quokkas
  A ball python skeleton (D:5)
  6 bats
  4 frilled lizards
  7 goblins
  3 quokka skeletons
  5 rats
  A spectral orc (D:7)
255 creatures vanquished.

Notes
Turn   | Place    | Note
-------+----------+-------------------------------------------
     0 | D:1      | Homage the Minotaur Hunter began the quest for the Orb.
     0 | D:1      | Reached XP level 1. HP: 18/18 MP: 0/0
   157 | D:1      | Reached XP level 2. HP: 25/25 MP: 1/1
   164 | D:1      | Reached skill level 5 in Crossbows
   232 | D:1      | Reached skill level 1 in Armour
   424 | D:1      | Reached XP level 3. HP: 30/30 MP: 2/2
   693 | D:2      | Reached skill level 3 in Armour
   751 | D:2      | Found a glowing golden altar of the Shining One.
  1291 | D:2      | Reached XP level 4. HP: 37/37 MP: 3/3
  1690 | D:3      | Reached skill level 6 in Crossbows
  1695 | D:3      | Noticed a gnoll sergeant
  1709 | D:3      | Killed a gnoll sergeant
  1709 | D:3      | Reached XP level 5. HP: 42/42 MP: 4/4
  1746 | D:3      | Reached skill level 7 in Crossbows
  2643 | D:4      | Noticed a phantom
  2650 | D:3      | Reached XP level 6. HP: 50/50 MP: 5/5
  2677 | D:3      | Reached skill level 8 in Crossbows
  3006 | D:4      | Noticed Blork the orc
  3012 | D:4      | Killed Blork the orc
  3012 | D:4      | Reached skill level 3 in Dodging
  3092 | D:4      | Gained mutation: You are resistant to hostile enchantments. (MR+) [potion of mutation]
  3092 | D:4      | Gained mutation: You are clumsy. (Dex -2) [potion of mutation]
  3092 | D:4      | Gained mutation: You have sharp toenails. [potion of mutation]
  3092 | D:4      | Gained mutation: You passively map a small area around you. [potion of mutation]
  3172 | D:4      | Reached XP level 7. HP: 56/56 MP: 6/6
  3287 | D:4      | Noticed Sigmund
  3294 | D:4      | Killed Sigmund
  3992 | D:5      | Entered Level 5 of the Dungeon
  4270 | D:5      | Reached XP level 8. HP: 62/62 MP: 7/7
  4281 | D:5      | Reached skill level 6 in Armour
  4306 | D:5      | Reached skill level 6 in Dodging
  4455 | D:5      | Found a staircase to the Ecumenical Temple.
  4464 | Temple   | Entered the Ecumenical Temple
  4554 | Temple   | Became a worshipper of Warmaster Okawaru
  5190 | D:6      | Reached skill level 9 in Crossbows
  5353 | D:6      | Reached * piety under Okawaru
  5508 | D:6      | Found a shadowy altar of Dithmenos.
  5515 | D:6      | Reached skill level 10 in Crossbows
  5703 | D:6      | Found a sparkling altar of Nemelex Xobeh.
  5910 | D:6      | Reached XP level 9. HP: 49/68 MP: 8/8
  6137 | D:7      | Got a smoking robe
  6154 | D:7      | Identified the +0 robe "Qoxa" {Dex+4 Stlth-} (You found it on level 7 of the Dungeon)
  6217 | D:7      | Reached ** piety under Okawaru
  6396 | D:7      | Found Taniatee's Magic Scroll Shoppe.
  6401 | D:7      | Bought a scroll of enchant armour for 82 gold pieces
  6401 | D:7      | Bought a scroll of identify for 22 gold pieces
  6693 | D:7      | Reached skill level 3 in Fighting
  6695 | D:7      | Noticed MaidMarian's ghost (novice SpEn)
  6743 | D:7      | Killed MaidMarian's ghost
  6743 | D:7      | Reached skill level 11 in Crossbows
  6792 | D:7      | Paralysed by a hornet for 3 turns
  6802 | D:7      | Reached *** piety under Okawaru
  7200 | D:7      | Reached skill level 12 in Crossbows
  7441 | D:7      | Found a basalt altar of Yredelemnul.
  7558 | D:7      | Found an iron altar of Okawaru.
  7818 | D:8      | Noticed a two-headed ogre
  8100 | D:7      | Killed a two-headed ogre
  8100 | D:7      | Reached XP level 10. HP: 31/77 MP: 9/9
  8535 | D:8      | Found a bloodstained altar of Trog.
  8585 | D:8      | Found a staircase to the Lair.
  8760 | D:8      | Reached skill level 13 in Crossbows
  9126 | D:8      | Reached **** piety under Okawaru
  9564 | D:9      | Reached skill level 14 in Crossbows
  9636 | D:9      | Noticed a two-headed ogre
  9645 | D:9      | Killed a two-headed ogre
 10287 | D:9      | Found a hazy altar of Hepliaklqana.
 10418 | D:10     | Entered Level 10 of the Dungeon
 10809 | Lair:1   | Entered Level 1 of the Lair of Beasts
 10886 | Lair:1   | Noticed a spiny frog
 10901 | Lair:1   | Killed a spiny frog
 10901 | Lair:1   | Received a gift from Okawaru
 10901 | Lair:1   | Reached skill level 15 in Crossbows
 11051 | Lair:1   | Reached ***** piety under Okawaru
 11051 | Lair:1   | Reached XP level 11. HP: 82/82 MP: 10/10
 11118 | Lair:1   | Reached skill level 1 in Staves
 11447 | Lair:1   | Reached skill level 3 in Staves
 11738 | Lair:1   | Received a gift from Okawaru
 11941 | Lair:1   | Reached skill level 9 in Armour
 12244 | Lair:2   | HP: 13/82 [merfolk/trident (9)]
 12245 | Lair:2   | Slain by a merfolk

Vault maps used:
D:1:      eino_arrival_tree_alley, hangedman_abyss_or_decor_lesser_grid
D:2:      nicolae_tso_carved_into_rock
D:4:      cheibrodos_thug_alley, cheibrodos_gnoll_hut, uniq_blork_the_orc,
          uniq_sigmund
D:5:      minmay_temple_entry_junction, first_ration
D:6:      kennysheep_little_box, nemelex_dance_club_becter
D:7:      yredelemnul_forgotten_temple_becter, serial_shops, nicolae_shop_stone,
          grunt_ogre_cave, okawaru_altar_gauntlet_db
D:8:      nicolae_overflow_crystal_walls, lair_entry_dummy
D:9:      nicolae_overflow_hidden_temple, onia_ninara_cookie
D:10:     basic_altar, serial_shops, shop, evilmike_butchery, uniq_harold,
          uniq_psyche
Temple:   minmay_crystal_spiral_temple
Lair:2:   elwin_shoals_entry_stream, minmay_snake_entry_guardpost_small,
          serial_bayou_lagoon_a

Action                   |  1- 3 |  4- 6 |  7- 9 | 10-12 || total
-------------------------+-------+-------+-------+-------++-------
Melee: Whip              |       |     5 |   105 |   148 ||   258
       Short sword       |       |       |    20 |       ||    20
       Headbutt          |       |       |    12 |    28 ||    40
       Hand crossbow     |       |       |     1 |       ||     1
 Fire: Hand crossbow     |    68 |   124 |   360 |   203 ||   755
Throw: Throwing net      |       |       |     1 |     2 ||     3
Invok: Heroism           |       |       |       |     1 ||     1
Evoke: Wand              |       |       |       |     2 ||     2
  Use: Scroll            |     3 |     3 |    10 |     2 ||    18
       Potion            |       |     7 |     3 |     1 ||    11
  Eat: Chunk             |     1 |     6 |    15 |     9 ||    31
       Ration            |       |       |       |     1 ||     1
Armor: Leather armour    |     1 |       |       |       ||     1
       Ring mail         |     9 |     6 |       |       ||    15
       Scale mail        |       |    19 |       |       ||    19
       Chain mail        |       |       |    19 |       ||    19
       Plate armour      |       |       |   148 |   108 ||   256
Dodge: Dodged            |     6 |    39 |   217 |   173 ||   435
